 Dungeon Crawl Stone Soup version 0.29.1-13-g9f3cf754e1 (webtiles) character file.

Game seed: 5442913365544741413

8 protoss039 the Digger (level 2, 0/20 HPs)
             Began as a Demonspawn Earth Elementalist on Feb 9, 2023.
             Slain by a bat (1 damage)
             ... on level 2 of the Dungeon.
             The game lasted 00:00:51 (914 turns).

protoss039 the Digger (DsEE)                         Turns: 914, Time: 00:00:51

Health: 0/20       AC:  3    Str:  8    XL:     2   Next: 0%
Magic:  0/5        EV: 12    Int: 16    God:
Gold:   36         SH:  0    Dex: 13    Spells: 4/5 levels left

rFire   . . .      SeeInvis .   h - +0 spear
rCold   . . .      Faith    .   (no shield)
rNeg    . . .      Spirit   .   a - +0 robe
rPois   .          Reflect  .   (no helmet)
rElec   .          Harm     .   g - +0 cloak
rCorr   .          Rampage  .   (no gloves)
Will    .....                   (no boots)
Stlth   ++........              d - amulet of the acrobat
HPRegen 0.06/turn               (no ring)
MPRegen 0.09/turn               (no ring)

@: no status effects
A: weakness stinger 1
a: no special abilities


You were on level 2 of the Dungeon.
You visited 1 branch of the dungeon, and saw 2 of its levels.

You collected 36 gold pieces.

Inventory:

Hand Weapons
 h - a +0 spear (weapon)
Armour
 a - a +0 robe (worn)
 g - a +0 cloak (worn)
Jewellery
 d - an amulet of the acrobat (around neck)
Scrolls
 c - a scroll of identify {unknown}
 e - a scroll of fear {unknown}
 i - a scroll of magic mapping {unknown}
 j - a scroll of blinking {unknown}
Potions
 b - 3 potions of magic
 f - a potion of flight {unknown}


   Skills:
 + Level 0.8 Fighting
 - Level 1.7 Dodging
 - Level 1.7 Stealth
 + Level 2.2 Spellcasting
 - Level 0.8 Transmutations
 + Level 2.9 Earth Magic


You had 4 spell levels left.
You knew the following spells:

 Your Spells              Type           Power      Damage    Failure   Level
a - Sandblast             Erth           22%        2d7       6%          1

Your spell library contained the following spells:

 Spells                   Type           Power      Damage    Failure   Level
 Passwall                 Tmut/Erth      5%         N/A       14%         2
 Stone Arrow              Conj/Erth      12%        3d7       32%         3
 Petrify                  Tmut/Erth      7%         N/A       67%         4


Dungeon Overview and Level Annotations

Branches:
Dungeon (2/15) Zot: 11082

Altars:


Innate Abilities, Weirdness & Mutations

You have a small tail.


Message History

Press: ? - help, Shift-Dir - straight line, f/p - goblin
Aim: a goblin, wielding a +0 dagger (77% to hit)
The blast of sand hits the goblin!
You kill the goblin!
The hobgoblin hits you. x2
* * * LOW HITPOINT WARNING * * *
You have reached level 2!
You feel monstrous as your demonic heritage exerts itself.
Your demonic ancestry asserts itself...
You grow a small tail.
Unknown command.
Unknown command.
Casting: Sandblast (safe; 6% risk of failure)
Confirm with . or Enter, or press ? or * to list all spells.
Aiming: Sandblast (safe; 6% risk of failure)
Press: ? - help, Shift-Dir - straight line, f - hobgoblin
Aim: a hobgoblin (lightly wounded, 82% to hit)
The blast of sand hits the hobgoblin.
The hobgoblin is almost dead.
The hobgoblin hits you but does no damage.
Unknown command.
Casting: Sandblast (safe; 6% risk of failure)
Confirm with . or Enter, or press ? or * to list all spells.
Aiming: Sandblast (safe; 6% risk of failure)
Press: ? - help, Shift-Dir - straight line, f/p - hobgoblin
Aim: a hobgoblin (almost dead, 82% to hit)
The blast of sand hits the hobgoblin but does no damage.
The hobgoblin is almost dead.
The bat hits you but does no damage. The hobgoblin hits you.
* * * LOW HITPOINT WARNING * * *
The hobgoblin barely misses you.
Casting: Sandblast (safe; 6% risk of failure)
Confirm with . or Enter, or press ? or * to list all spells.
Aiming: Sandblast (safe; 6% risk of failure)
Press: ? - help, Shift-Dir - straight line, f/p - hobgoblin
Aim: a hobgoblin (almost dead, 82% to hit)
The blast of sand hits the hobgoblin.
You kill the hobgoblin!
The bat barely misses you. The bat hits you.
You die...

.......
<......
.......
)......
.......####
..........#
.......b..#
.......@..+
.........>##
##.##......#
#.####.#
#.#....#
#.#.#### #
#...<#
######


You could see a bat.

Vanquished Creatures
  A dart slug (D:1)
  A hobgoblin (D:2)
  A quokka (D:1)
  2 frilled lizards (D:1)
  2 goblins
  A rat (D:1)
8 creatures vanquished.

Notes
Turn   | Place    | Note
-------+----------+-------------------------------------------
     0 | D:1      | protoss039 the Demonspawn Earth Elementalist began the
                  | quest for the Orb.
     0 | D:1      | Reached XP level 1. HP: 13/13 MP: 3/3
   912 | D:2      | Discovered your monstrous ancestry.
   912 | D:2      | Gained mutation: You have a small tail. [demonic ancestry]
   912 | D:2      | Reached XP level 2. HP: 5/20 MP: 3/5
   913 | D:2      | HP: 1/20 [hobgoblin (4)]
   914 | D:2      | Slain by a bat

Illustrated notes

Levels and vault maps discovered:
D:1:      roderic_octagonal_star, layout_rooms, nicolae_figureground_sparkle
D:2:      layout_basic, hellmonk_ecumenical_altar_inner_sanctum

Action                   || total
-------------------------++-------
Melee: Spear             ||    12
       Dagger            ||    10
 Cast: Sandblast         ||     6
Armor: Robe              ||     5
Dodge: Dodged            ||    10
